 Dungeon Crawl Stone Soup version 0.28-a0-178-ga708605c5b (webtiles) character file.

Game seed: 10731341823743540103

1103 lnt the Covert (level 8, -6/58 HPs)
             Began as an Octopode Delver on Aug 18, 2021.
             Was a Priest of Dithmenos.
             Engulfed by a steam dragon's steam (7 damage)
             ... on level 6 of the Dungeon.
             The game lasted 00:28:04 (6962 turns).

lnt the Covert (Octopode Delver)                    Turns: 6962, Time: 00:28:04

Health: -6/58      AC:  1    Str: 10 (11) XL:     8   Next: 32%
Magic:  8/8        EV: 15    Int: 12 (14) God:    Dithmenos [***...]
Gold:   236        SH:  0    Dex: 11 (14) Spells: 7/7 levels left

rFire   . . .      SeeInvis .   x - +5 dagger
rCold   . . .      Faith    .   (no shield)
rNeg    + . .      Spirit   .   (helmet restricted)
rPois   .          Reflect  .   (no amulet)
rElec   .          Harm     .   o - ring of resist corrosion
rCorr   +          Rampage  .   w - ring of positive energy
Will    +....                   y - ring of willpower
Stlth   +++++++...              (no ring)
HPRegen 0.19/turn               (no ring)
MPRegen 0.11/turn               (no ring)
                                (no ring)
                                (no ring)

@: wreathed by umbra
A: almost no armour, amphibious, 8 rings, camouflage 1, gelatinous body 1,
(nimble swimmer 1), tentacles
a: Renounce Religion, Shadow Step


You were on level 6 of the Dungeon.
You worshipped Dithmenos.
Dithmenos was most pleased with you.
You visited 1 branch of the dungeon, and saw 6 of its levels.

You collected 236 gold pieces.

Inventory:

Hand Weapons
 a - a +0 rapier
 b - a +0 dagger
 g - a +0 hand axe
 r - a +1 dagger of electrocution
 t - a +0 hunting sling
 x - a +5 dagger (weapon)
Missiles
 l - 121 stones (quivered)
 m - 12 boomerangs
 G - a throwing net
Jewellery
 o - a ring of resist corrosion (left tentacle)
 w - a ring of positive energy (right tentacle)
 y - a ring of willpower (on tentacle)
Wands
 f - a wand of digging (3)
Scrolls
 c - 3 scrolls of magic mapping
 j - a scroll of noise
 k - 2 scrolls of identify
 p - 4 scrolls of amnesia
 s - a scroll of silence {unknown}
 v - a scroll of teleportation {unknown}
 z - a scroll of summoning {unknown}
 B - a scroll of blinking {unknown}
 D - a scroll of brand weapon {unknown}
 E - a scroll of immolation {unknown}
 F - a scroll of enchant weapon {unknown}
Potions
 h - 2 potions of lignification {unknown}
 i - 2 potions of flight
 u - a potion of attraction {unknown}
 A - a potion of mutation {unknown}
 C - a potion of degeneration


   Skills:
 + Level 6.4 Fighting
 - Level 1.3 Short Blades
 - Level 2.0 Axes
 - Level 0.2 Throwing
 + Level 6.0 Dodging
 + Level 9.4 Stealth


You had 7 spell levels left.
You didn't know any spells.
Your spell library was empty.

Dungeon Overview and Level Annotations

Branches:
Dungeon (6/15)
 Temple: D:4-7

Altars:
Dithmenos
Hepliaklqana
Okawaru
Wu Jian


Innate Abilities, Weirdness & Mutations

You cannot wear most types of armour.
You are amphibious.
You can wear up to eight rings at the same time.
Your skin changes colour to match your surroundings (Stealth+).
Your rubbery body absorbs attacks. (AC +1, EV +1)
((You are camouflaged near water. (Stealth+)))
You have tentacles for arms and can constrict up to eight enemies at once.


Message History

You hit the water moccasin.
The water moccasin is lightly wounded.
You constrict the water moccasin.
The water moccasin completely misses you.
You hit the water moccasin. You squeeze the water moccasin!
The water moccasin is severely wounded.
You constrict the water moccasin. The water moccasin misses you.
You hit the water moccasin.
The water moccasin is almost dead.
You constrict the water moccasin. The water moccasin closely misses you.
The water moccasin completely misses you.
You hit the water moccasin.
You kill the water moccasin!
Dithmenos accepts your kill.
Your Dodging skill increases to level 6!
An adder comes into view.
A steam dragon comes into view.
The steam dragon hisses angrily.
The adder hisses angrily.
The adder closely misses you.
You hit the adder. You grab the adder.
The adder is moderately wounded.
You constrict the adder. The adder closely misses you.
The steam dragon breathes steam at you.
The ball of steam hits the adder!!
The adder dies!
The ball of steam hits you!!
You are engulfed in a cloud of scalding steam.
The steam dragon breathes steam at you. The ball of steam hits you!!
* * * LOW HITPOINT WARNING * * *
You hear a bark!
You hear an angry hiss.
You see here an adder corpse.
Really wriggle into that cloud of steam?
You are engulfed in a cloud of scalding steam.
* * * LOW HITPOINT WARNING * * *
It was a potion of degeneration.
There was something very wrong with that liquid.
You feel weakened.
You feel dopey.
You feel clumsy.
You are engulfed in a cloud of scalding steam.
You die...

...#...[...
...........
..........
..........
#.....§§§ .
#.....§.§ ..
#.....§§## ...
.....§§†§# .(.
....#§§@##..(..
# ##§.#(#....
#.§........
#....##....
#<†### ..
...............
.......>#......
.......##......
......# ..##..


There were no monsters in sight!

Vanquished Creatures
  A water moccasin (D:6)
  An orc warrior (D:4)
  2 ogres
  A howler monkey (D:3)
  A centaur zombie (D:6)
  3 orc priests (D:4)
  A hound (D:3)
  2 iguanas
  4 orc wizards
  A hound skeleton (D:4)
  17 gnolls
  5 adders
  An ufetubus (D:4)
  4 dart slugs
  26 orcs
  5 endoplasms
  3 giant cockroaches
  8 goblins
  9 hobgoblins
  21 jackals
  5 quokkas
  3 ball pythons (D:2)
  4 bats
  7 frilled lizards
  4 kobolds
  4 rats
143 creatures vanquished.

Vanquished Creatures (others)
  An adder (D:6)
  A rat (D:3)
  A plant (D:3)
3 creatures vanquished.

Grand Total: 146 creatures vanquished

Notes
Turn   | Place    | Note
-------+----------+-------------------------------------------
     0 | D:5      | lnt the Octopode Delver began the quest for the Orb.
     0 | D:5      | Reached XP level 1. HP: 16/16 MP: 1/1
   148 | D:4      | Noticed an orc priest
   401 | D:5      | Noticed an ice beast
   422 | D:4      | Reached skill level 7 in Stealth
   422 | D:4      | Reached XP level 2. HP: 10/21 MP: 2/2
   651 | D:4      | Reached XP level 3. HP: 26/26 MP: 3/3
   660 | D:4      | Noticed an ogre
   734 | D:4      | Noticed an orc warrior
   898 | D:4      | Found a shadowy altar of Dithmenos.
   929 | D:4      | Reached XP level 4. HP: 25/31 MP: 4/4
   937 | D:4      | Became a worshipper of Dithmenos the Shadowed
  1040 | D:3      | Reached skill level 1 in Short Blades
  1370 | D:1      | Reached skill level 8 in Stealth
  2135 | D:2      | Reached * piety under Dithmenos
  2291 | D:2      | Reached XP level 5. HP: 31/36 MP: 5/5
  2623 | D:2      | Found a faded altar of an unknown god.
  3135 | D:3      | Reached ** piety under Dithmenos
  3414 | D:3      | Found an ornate altar of the Wu Jian Council.
  3491 | D:3      | Reached XP level 6. HP: 41/43 MP: 6/6
  3708 | D:3      | Found a hazy altar of Hepliaklqana.
  4025 | D:2      | Reached skill level 9 in Stealth
  5109 | D:3      | Reached XP level 7. HP: 17/49 MP: 7/7
  5329 | D:3      | Reached skill level 5 in Fighting
  6122 | D:4      | Reached skill level 5 in Dodging
  6281 | D:4      | Found an iron altar of Okawaru.
  6551 | D:4      | Reached *** piety under Dithmenos
  6559 | D:4      | Reached XP level 8. HP: 57/57 MP: 8/8
  6961 | D:6      | HP: 1/58 [something] (8)]
  6962 | D:6      | Engulfed by a steam dragon's steam

Illustrated notes

Levels and vault maps discovered:
D:1:      heliophobic_arrival_dark_side_of_the_moon, layout_basic,
          minmay_small_reverse_x
D:2:      layout_basic, hellmonk_ecumenical_altar_zigzags
D:3:      lemuel_castle_with_subvaults [lemuel_castle_interior_carwin_3],
          layout_rooms, general_overflow_altar, mainiacjoe_overflow_24_doors,
          moated_statue, lemuel_old_faithful
D:4:      layout_basic, mainiacjoe_overflow_alcove_4,
          mainiacjoe_overflow_catwalk, guppyfry_early_orc_mine
D:5:      layout_rooms, nicolae_uskayaw_murder_on_the_dancefloor,
          minmay_temple_entry_mist, hangedman_abyss_or_decor_passed,
          minmay_joined_circles
D:6:      layout_cave_pools, amcnicky_altar_gilded

Skill      XL: |  1  2  3  4  5  6  7  8 |
---------------+-------------------------+-----
Stealth        | 7 8 9 |  9.4
Short Blades   | 1 |  1.3
Dodging        | 3 4 5 6 |  6.0
Fighting       | 4 6 |  6.4
Axes           | |  2.0
Throwing       | |  0.2

Action                   |  1- 3 |  4- 6 |  7- 9 || total
-------------------------+-------+-------+-------++-------
Melee: Rapier            |    31 |    27 |       ||    58
       Constrict         |     9 |    50 |    23 ||    82
       Tentacles         |     5 |    39 |    27 ||    71
       Dagger            |       |   161 |   103 ||   264
Throw: Stone             |     7 |    20 |     8 ||    35
  Use: Scroll            |       |     5 |       ||     5
       Potion            |       |     1 |     5 ||     6
 Stab: Sleeping          |     1 |    20 |     4 ||    25
       Distracted        |       |     2 |       ||     2
Armor: Skin              |     1 |     9 |     3 ||    13
Dodge: Dodged            |    32 |   123 |    80 ||   235

Table legend: (Time is in decaauts)
 A = Elapsed time spent in this place.
 B = Non-inter-level travel time spent in this place.
 C = Inter-level travel time spent in this place.
 D = Time resting spent in this place.
 E = Time spent auto-exploring this place.
 F = Levels seen in this place.
 G = Mean time per level.
                   A        B        C        D        E       F      G
               +--------+--------+--------+--------+--------+-----+--------+
         Total |   6944 |   6767 |    177 |   2770 |   1874 |   6 | 1157.3 |
       Dungeon |   6944 |   6767 |    177 |   2770 |   1874 |   6 | 1157.3 |
               +--------+--------+--------+--------+--------+-----+--------+

Top non-repeatable levels by time:
     D:2: 2232 daAuts
     D:3: 2125 daAuts
     D:4: 1578 daAuts
     D:1: 720 daAuts
     D:5: 210 daAuts
     D:6: 77 daAuts
